Unix NetHack Version 3.7.0-66 Work-in-progress - last build Nov 25 2022 02:21:47 (a67c8fbd212c6e9cfe3af09653023564b5ba1bad,branch:master). Game began 2022-12-03 07:30:07, ended 2022-12-03 07:38:01. etai, lawful female dwarven Valkyrie ---- |..-- ---- --...| ------- |..|-- -- |....| |..|..| --..|.--.-- |....--- ------....^--- --..^......| |-....%-- |..|..|......|--..........--- |.......| ---.... --..[..--..................- -----...----- |.....- |............----.......--- --......----- |.....| --............| --.-- -- |...^..*--.---.....---..--........-- -- ----..|.|.|...............-|--....---- |....-------.|.............| |....| |....| -------......--...------..| ------ -- --..-- |..---|.....---------.--.-| --.--.-- |. ---------....---..----------...%..----......| |................................G..<.........- ---........................*.--..--......-.------- ------.....--.....G......................h..........| --...----.|.--..........^.-----.----------- --- ----- ---------.|..|.|.-- --- ---------- Etai the Skirmisher St:17 Dx:12 Co:18 In:11 Wi:8 Ch:9 Lawful S:738 Dlvl:4 $:10 HP:0(50) Pw:9(9) AC:5 Xp:4/132 T:1483 FoodPois Weak Latest messages: A board beneath you squeaks a B flat loudly. You see here a scroll labeled VERR YED HORRE. w - a scroll labeled VERR YED HORRE (2 in total). You stop. The gnome is in the way! A rock piercer suddenly drops from the ceiling! Its blow glances off your helm. You hit the rock piercer! You miss the rock piercer. You miss the rock piercer. You miss the rock piercer. You miss the rock piercer. You miss the rock piercer. You miss the rock piercer. You miss the rock piercer. You miss the rock piercer. You miss the rock piercer. You hit the rock piercer. You hit the rock piercer. You miss the rock piercer. You miss the rock piercer. You miss the rock piercer. The rock piercer bites! You are beginning to feel hungry. You miss the rock piercer. You kill the rock piercer! You see here a rock piercer corpse. You see here a blue gem. You materialize in a different location! You swap places with the peaceful gnome. The giant ant bites! You miss the giant ant. The giant ant misses! The giant ant bites! You miss the giant ant. The giant ant bites! You kill the giant ant! There is a staircase up here. You see here a jackal corpse. Valkyrie needs food, badly! There is a staircase up here. You see here a jackal corpse. There is a jackal corpse here; eat it? [ynq] (n) Ulch - that meat was tainted! You feel deathly sick. (It must have died too long ago to be safe to eat.) Your sickness feels worse. Your sickness is severe. You are at Death's door. You die from your illness. Do you want your possessions identified? [ynq] (y) Inventory: Coins $ - 10 gold pieces Weapons f - 6 +0 shuriken b - a +0 dagger (alternate weapon; not wielded) a - a +1 dwarvish spear (weapon in hand) Armor q - an uncursed +0 orcish helm (being worn) c - an uncursed +3 small shield (being worn) Comestibles t - an uncursed apple i - an uncursed clove of garlic n - an uncursed partly eaten food ration p - an uncursed fortune cookie u - 2 uncursed fortune cookies x - 2 uncursed tripe rations Scrolls w - 2 uncursed scrolls of identify o - a cursed scroll of teleportation Spellbooks g - an uncursed spellbook of magic missile Potions k - an uncursed potion of blindness v - an uncursed potion of confusion l - an uncursed potion of hallucination Rings h - an uncursed ring of regeneration (on left hand) s - a cursed ring of teleportation Wands j - a wand of make invisible (0:5) Tools m - an uncursed lock pick e - an uncursed oil lamp Etai the Valkyrie's attributes: Background: You were a Skirmisher, a level 4 dwarven Valkyrie. You were lawful, on a mission for Tyr who was opposed by Odin (neutral) and Loki (chaotic). You were in the Gnomish Mines, on level 4. You entered the dungeon 1483 turns ago. You had 132 experience points, 28 more were needed to attain level 5. Your score was 738 before end-of-game adjustments. Basics: You had 0 out of 50 hit points. You had all 9 energy points (spell power). Your armor class was 5. Your wallet contained 10 zorkmids. Autopickup was on for '$' plus thrown. Final Characteristics: Your strength was 17 (base:18, limit:18/100). Your dexterity was 12 (limit:20). Your constitution was 18 (limit:20). Your intelligence was 11 (limit:16). Your wisdom was 8 (limit:16). Your charisma was 9 (limit:16). Final Status: You died from food poisoning. You were weak from severe hunger. You were unencumbered. You were wielding a spear. You had basic skill with spear. Final Attributes: You were devoutly aligned. You were cold resistant. You had infravision. You were stealthy. You regenerated. You are dead. Miscellaneous: You never encountered a bones level. Total elapsed playing time was 7 minutes and 52 seconds. Major events: Turn 1: etai the lawful dwarven Valkyrie entered the dungeon 653: entered the Gnomish Mines 710: reached Mine Town 901: attained the rank of Skirmisher (level 3) 1483: poisoned by a rotted jackal corpse Vanquished creatures: a rock piercer 3 giant ants 2 hill orcs 2 rothes 2 dwarf zombies an iguana a coyote 4 cave spiders 3 gnomes 2 garter snakes a gecko 6 jackals a kobold 3 goblins a sewer rat 6 grid bugs 3 lichens a kobold zombie 5 newts 48 creatures vanquished. No species were genocided or became extinct. Voluntary challenges: You were illiterate. You never engraved Elbereth. You never genocided any monsters. You never polymorphed an object. You never changed form. You used no wishes. Achievements: You entered the Gnomish Mines. You entered Minetown. You entered a shop. You entered a temple. You attained the rank of Skirmisher. The Dungeons of Doom: levels 1 to 2 Level 1: Some fountains. Level 2: A fountain. Stairs down to The Gnomish Mines. The Gnomish Mines: levels 3 to 5 Level 3: Level 4: <- You were here. Final resting place for you, poisoned by a rotted jackal corpse. Level 5: A delicatessen, a temple to Tyr, some fountains. Game over: ---------- / \ / REST \ / IN \ / PEACE \ / \ | etai | | 10 Au | | poisoned by a | | rotted jackal | | corpse | | | | 2022 | *| * * * | * _________)/\\_//(\/(/\)/\//\/|_)_______ Farvel etai the Valkyrie... You were poisoned in The Gnomish Mines on dungeon level 4 with 737 points, and 10 pieces of gold, after 1483 moves. You were level 4 with a maximum of 50 hit points when you were poisoned.